 Dungeon Crawl Stone Soup version 0.23.2-40-g277498a001 (webtiles) character file.

Game seed: 17649458009267202985

35903 Emblim88 the Fighter (level 13, -12/122 HPs)
             Began as a Minotaur Abyssal Knight on Aug 18, 2019.
             Was the Champion of Lugonu.
             Mangled by a very large slime creature (39 damage)
             ... on level 13 of the Dungeon.
             The game lasted 00:49:17 (15834 turns).

Emblim88 the Fighter (Minotaur Abyssal Knight)     Turns: 15834, Time: 00:49:18

Health: -12/122    AC: 18    Str: 19    XL:     13   Next: 50%
Magic:  28/28      EV:  7    Int:  9    God:    Lugonu [******]
Gold:   437        SH: 18    Dex: 13    Spells: 12/12 levels left

rFire    + + .     SeeInvis .   B - +10 trident of Slime {flame, *Corrode rF+ Stlth+}
rCold    + + .     Gourm    .   T - +0 large shield
rNeg     . . .     Faith    .   y - +3 chain mail {MR+}
rPois    .         Spirit   .   (helmet restricted)
rElec    .         Reflect  +   D - scarf {rC+ rF+}
rCorr    .         Harm     .   x - +1 pair of gloves
MR       +....     Rnd*Rage +   X - +0 pair of boots {Stlth+}
Stlth    ..........             m - +2 amulet of reflection
HPRegen  0.30/turn              M - +3 ring of slaying
MPRegen  0.21/turn              Q - ring of magical power

@: heavily drained
A: retaliatory headbutt, horns 2, berserk 1, cold resistance 1, wild magic 1
a: Depart the Abyss, Bend Space, Banish, Corrupt, Enter the Abyss, Brand Weapon
With Distortion, Renounce Religion


You were on level 13 of the Dungeon.
You worshipped Lugonu.
Lugonu was exalted by your worship.
You were hungry.

You visited 1 branch of the dungeon, and saw 14 of its levels.
You visited the Abyss 1 time.

You collected 1049 gold pieces.
You spent 612 gold pieces at shops.

Inventory:

Hand Weapons
 w - a +5 hunting sling of freezing
 B - the +10 trident of Slime (weapon) {flame, *Corrode rF+ Stlth+}
   (You bought it in a shop on level 7 of the Dungeon)

   It has been specially enchanted to burn those struck by it, causing extra
   injury to most foes and up to half again as much damage against particularly
   susceptible opponents.
   It protects you from fire.
   It may corrode you when you take damage.
   It makes you more stealthy.
 O - the +7 captain's cutlass {speed, disarm}
   (You found it on level 12 of the Dungeon)

   Attacks with this weapon are significantly faster.
 W - the +7 hand axe "Jaefoli" {holy, +Rage MP-9 Int+7 Dex+2}
   (You found it on level 13 of the Dungeon)

   It has been blessed by the Shining One to cause great damage to the undead
   and demons.
   It affects your intelligence (+7).
   It affects your dexterity (+2).
   It affects your magic capacity (-9).
   It lets you go berserk.
Missiles
 z - 109 sling bullets
Armour
 b - the +0 leather armour "Mafocroz" {*Corrode rPois rF- Dex+8}
   (You found it on level 4 of the Dungeon)

   It affects your dexterity (+8).
   It makes you vulnerable to fire.
   It protects you from poison.
   It may corrode you when you take damage.
 u - a +2 ring mail of fire resistance
 x - a +1 pair of gloves (worn)
 y - a +3 chain mail of magic resistance (worn)
 D - a scarf of resistance (worn)
 H - a +1 pair of boots
 T - a +0 large shield (worn)
 V - the +0 shield "Anuboj" {+Inv rPois rF- Dex-2}
   (You found it on level 13 of the Dungeon)

   It affects your dexterity (-2).
   It makes you vulnerable to fire.
   It protects you from poison.
   It lets you turn invisible.
 X - a +0 pair of boots of stealth (worn)
Jewellery
 d - an uncursed amulet of the gourmand
 m - a +2 amulet of reflection (around neck)
 M - a +3 ring of slaying (left hand)
 Q - a ring of magical power (right hand)
Wands
 j - a wand of paralysis (12)
 l - a wand of random effects (11)
 r - a wand of digging (5)
 v - a wand of iceblast (3)
 I - a wand of flame (12)
 P - a wand of clouds (4)
Scrolls
 a - 2 scrolls of amnesia
 f - 5 scrolls of magic mapping
 h - 6 scrolls of remove curse
 k - 2 scrolls of enchant armour
 o - 2 scrolls of blinking
 p - 2 scrolls of immolation
 s - 6 scrolls of teleportation
 A - 2 scrolls of fear
 C - a scroll of vulnerability
 R - a scroll of enchant weapon
 U - a scroll of fog {unknown}
Potions
 e - a potion of invisibility
 g - a potion of brilliance
 i - 2 potions of degeneration
 n - a potion of mutation
 q - 2 potions of flight
 F - a potion of berserk rage
 G - a potion of magic
Miscellaneous
 E - a fan of gales
 N - a box of beasts
Comestibles
 c - 15 rations


   Skills:
 * Level 13.5(11.6) Fighting
 * Level 12.3(10.4) Polearms
 + Level 12.7(10.8) Armour
 + Level 8.7(7.0) Dodging
 * Level 9.1(7.4) Shields
 * Level 9.8(8.1) Invocations


You had 12 spell levels left.
You didn't know any spells.
Your spell library contained the following spells:

 Spells                   Type           Power        Failure   Level  Hunger
 Animate Skeleton         Necr           N/A          100%        1    ##.....
 Apportation              Tloc           #.....       100%        1    ##.....
 Confusing Touch          Hex            #.....       100%        1    ##.....
 Sandblast                Erth           #.....       100%        1    ##.....
 Summon Small Mammal      Summ           #...         100%        1    ##.....
 Passwall                 Tmut/Erth      #.......     100%        2    ###....
 Sublimation of Blood     Necr           #.........   100%        2    ###....
 Ignite Poison            Fire/Tmut/Pois #.......     100%        3    ####...
 Stone Arrow              Conj/Erth      #.....       100%        3    ####...
 Petrify                  Tmut/Erth      #.......     100%        4    #####..
 Alistair's Intoxication  Tmut/Pois      #.......     100%        5    ######.
 Irradiate                Conj/Tmut      #.........   100%        5    ######.
 Lee's Rapid Deconstruct  Erth           #.........   100%        5    ######.


Dungeon Overview and Level Annotations

Branches:
Dungeon (14/15) Temple (0/1) D:4 Lair (0/6) D:11 Orc (0/2) D:12 Vaults (0/5) D:13 D:14

Altars:
Ashenzari
Dithmenos
Elyvilon
Gozag
Hepliaklqana
Kikubaaqudgha
Nemelex Xobeh
Ru
Trog
Uskayaw
Vehumet
Wu Jian
The Shining One

Shops:
D:7 (   D:13 [

Annotations:
D:8 3 runed translucent doors, FishyPogo's ghost, novice DEFE


Innate Abilities, Weirdness & Mutations

You reflexively headbutt those who attack you in melee.
You have a pair of horns on your head.
You tend to lose your temper in combat.
Your flesh is cold resistant. (rC+)
Your spells are a little harder to cast, but a little more powerful.


Message History

There is a stone staircase leading down here.
You block the slime creature's attack.
Two slime creatures merge to form a very large slime creature.
You puncture the slime creature! You burn the slime creature.
The slime creature is moderately wounded.
The slime creature hits you but does no damage.
You puncture the slime creature! You burn the slime creature.
The slime creature is heavily wounded.
The slime creature hits you!
* * * LOW HITPOINT WARNING * * *
You impale the slime creature!! You burn the slime creature.
You headbutt the slime creature.
The slime creature is almost dead.
You block the slime creature's attack.
You block the very large slime creature's attack.
You impale the slime creature!! You burn the slime creature.
You kill the slime creature!
Lugonu accepts your kill.
The very large slime creature hits you!!!
You die...

#.#####.#..........# ##.......##
#....##.##........## ##.........#
#.......####.....#####(...).....#
............##).##.[.............
#......###.......................
#....### #####...#...............
#...#..#### ##..#...............
#..#......### #J.#...............
#.#.........###.@#...............
.##...........#..................
####..........##.................
#..........##.................
#.........###.................
##........# #.................
#........# #.................
##.......# ##...............#
#.......# ##..............##


You could see a very large slime creature.

Vanquished Creatures
  An ogre mage (D:12)
  3 hydras
  3 centaur warriors
  A catoblepas (D:13)
  A death knight (D:13)
  7 two-headed ogres
  Nergalle (D:11)
  An unseen horror (D:14)
  A wizard (D:14)
  3 phantasmal warriors (D:13)
  An orc knight (D:14)
  2 deep elf magi
  2 ugly things
  3 centaur zombies
  2 manticores
  Joseph (D:8)
  A centaur skeleton (D:13)
  A komodo dragon (D:11)
  A gargoyle (D:11)
  A kobold demonologist (D:14)
  A merfolk (D:9)
  5 trolls
  2 hornets
  8 slime creatures
  3 hippogriffs
  A vampire (D:11)
  2 shadows (D:12)
  A wraith (D:13)
  10 yaks
  Grum (D:11)
  16 humans
  A steam dragon (D:13)
  4 hungry ghosts (D:12)
  2 acid dragons
  3 water moccasins
  6 orc warriors
  3 black bears
  A phantom (D:10)
  A necrophage (D:12)
  4 sky beasts
  2 ice beasts
  2 ogres
  3 wolves (D:11)
  5 centaurs
  A crocodile (D:14)
  2 big kobolds
  9 bullfrogs
  A gnoll sergeant (D:10)
  2 wyvern skeletons
  5 scorpions
  4 killer bees
  23 wights
  7 howler monkeys
  5 crimson imps
  3 bullfrog zombies
  8 hounds
  A gnoll shaman (D:9)
  2 orc priests
  3 jellies
  4 bullfrog skeletons
  An iguana (D:12)
  Ijyb (D:5)
  17 orc wizards
  10 worker ants
  A worker ant zombie (D:9)
  14 gnolls
  17 adders
  A shadow imp (D:12)
  An adder zombie (D:6)
  An ooze (D:1)
  3 worms
  A dart slug (D:1)
  8 leopard geckos
  32 orcs
  7 bats
  6 giant cockroaches
  10 goblins
  8 hobgoblins
  7 jackals
  13 kobolds
  7 quokkas
  2 ball pythons (D:1)
  A frilled lizard (D:1)
  A giant cockroach zombie (D:6)
  A jackal zombie (D:6)
  A quokka skeleton (D:5)
  18 rats
394 creatures vanquished.

Vanquished Creatures (others)
  A manticore (D:11)
  A cyclops (D:11)
  A centaur (D:13)
  A wight (D:11)
  3 gnolls (D:9)
  An adder (D:9)
8 creatures vanquished.

Grand Total: 402 creatures vanquished

Notes
Turn   | Place    | Note
-------+----------+-------------------------------------------
     0 | Abyss:1  | Emblim88 the Minotaur Abyssal Knight began the quest for
                  | the Orb.
     0 | Abyss:1  | Reached XP level 1. HP: 19/19 MP: 1/1
   119 | Abyss:1  | Found an ancient bone altar of Kikubaaqudgha.
   136 | Abyss:1  | Noticed a small abomination
   185 | Abyss:1  | Noticed an eidolon
   203 | Abyss:1  | Found a corrupted altar of Lugonu.
   211 | D:1      | Escaped the Abyss
   246 | D:1      | Reached skill level 4 in Fighting
   246 | D:1      | Reached XP level 2. HP: 23/27 MP: 2/2
   248 | D:1      | Reached * piety under Lugonu
   457 | D:1      | Reached XP level 3. HP: 32/34 MP: 3/3
   995 | D:2      | Found a glowing golden altar of the Shining One.
  1066 | D:2      | Reached XP level 4. HP: 41/41 MP: 4/4
  1948 | D:2      | Reached ** piety under Lugonu
  2197 | D:3      | Reached skill level 5 in Fighting
  2248 | D:3      | Found an opulent altar of Gozag.
  2304 | D:3      | Found a shadowy altar of Dithmenos.
  2374 | D:3      | Reached XP level 5. HP: 40/48 MP: 5/5
  3072 | D:4      | Reached XP level 6. HP: 49/57 MP: 6/6
  3411 | D:4      | Reached skill level 5 in Armour
  3414 | D:4      | Got a transparent leather armour
  3425 | D:4      | Identified the +0 leather armour "Mafocroz" {*Corrode rPois
                  | rF- Dex+8} (You found it on level 4 of the Dungeon)
  3503 | D:4      | Reached skill level 6 in Fighting
  3881 | D:4      | Found a hide-covered altar of Uskayaw.
  3923 | D:4      | Reached XP level 7. HP: 59/64 MP: 7/7
  4012 | D:4      | Found a staircase to the Ecumenical Temple.
  4188 | D:5      | Entered Level 5 of the Dungeon
  4329 | D:5      | Found a shattered altar of Ashenzari.
  4366 | D:5      | Found an ancient bone altar of Kikubaaqudgha.
  4860 | D:5      | Reached skill level 7 in Fighting
  4895 | D:5      | Noticed Ijyb
  4934 | D:5      | Killed Ijyb
  5286 | D:5      | HP: 1/66 [orc warrior/+0 short sword (4)]
  5287 | D:5      | Reached XP level 8. HP: 2/73 MP: 8/8
  5707 | D:6      | Reached skill level 5 in Polearms
  5745 | D:6      | Reached *** piety under Lugonu
  5797 | D:6      | Reached skill level 8 in Fighting
  6193 | D:7      | Noticed a hornet
  6202 | D:7      | Killed a hornet
  6341 | D:7      | Found a sparkling altar of Nemelex Xobeh.
  6447 | D:7      | Reached XP level 9. HP: 76/82 MP: 10/10
  6479 | D:7      | Reached skill level 5 in Dodging
  6493 | D:7      | Reached skill level 9 in Fighting
  6624 | D:7      | Found Zimapido's Antique Weapon Boutique.
  6635 | D:7      | Bought a crystal trident for 178 gold pieces
  6635 | D:7      | Identified the +10 trident of Slime {flame, *Corrode rF+
                  | Stlth+} (You bought it in a shop on level 7 of the Dungeon)
  7030 | D:7      | Got a dull robe
  7033 | D:7      | Gained mutation: You tend to lose your temper in combat.
                  | [potion of mutation]
  7033 | D:7      | Gained mutation: Your flesh is cold resistant. (rC+)
                  | [potion of mutation]
  7033 | D:7      | Gained mutation: Your spells are a little harder to cast,
                  | but a little more powerful. [potion of mutation]
  7034 | D:7      | Identified the +2 robe of Fooramy {rElec} (You found it on
                  | level 7 of the Dungeon)
  7236 | D:8      | Noticed Joseph
  7240 | D:8      | Found a bloodstained altar of Trog.
  7249 | D:8      | Killed Joseph
  7693 | D:8      | Found an ornate altar of the Wu Jian Council.
  7693 | D:8      | Found a sparkling altar of Nemelex Xobeh.
  7785 | D:8      | Found a runed translucent gate.
  7785 | D:8      | Found a runed translucent gate.
  7785 | D:8      | Found a runed translucent gate.
  7801 | D:8      | Noticed FishyPogo's ghost (novice DEFE)
  7868 | D:8      | Found a hazy altar of Hepliaklqana.
  7924 | D:8      | Found a white marble altar of Elyvilon.
  8134 | D:9      | Reached **** piety under Lugonu
  8197 | D:9      | Found a sacrificial altar of Ru.
  8343 | D:9      | Reached XP level 10. HP: 93/93 MP: 12/12
  8345 | D:9      | Reached skill level 10 in Fighting
  8345 | D:9      | Reached skill level 5 in Invocations
  8483 | D:9      | Found a radiant altar of Vehumet.
  8819 | D:9      | Reached skill level 10 in Armour
  9100 | D:10     | Entered Level 10 of the Dungeon
  9100 | D:10     | Found Jitisac's Assorted Antiques.
  9670 | D:11     | Noticed Grum
  9679 | D:11     | Killed Grum
  9682 | D:11     | Reached skill level 1 in Shields
  9723 | D:11     | Reached ***** piety under Lugonu
  9874 | D:11     | Reached skill level 11 in Fighting
 10027 | D:11     | Found a staircase to the Lair.
 10048 | D:11     | Noticed a cyclops
 10088 | D:11     | Noticed Nergalle
 10096 | D:11     | Noticed a seven-headed hydra
 10106 | D:11     | Noticed a spectral orc warlord
 10106 | D:11     | Killed Nergalle
 10106 | D:11     | Reached XP level 11. HP: 102/102 MP: 14/14
 10113 | D:11     | Killed a seven-headed hydra
 10869 | D:11     | Noticed a red ugly thing
 10879 | D:11     | Killed a red ugly thing
 11299 | D:12     | Found the +7 captain's cutlass {speed, disarm}
 11318 | D:12     | Reached skill level 10 in Polearms
 11388 | D:12     | Got an ichor-stained leather armour
 11528 | D:12     | Reached skill level 5 in Shields
 11545 | D:12     | Noticed a two-headed ogre
 11547 | D:12     | Noticed a two-headed ogre
 11551 | D:12     | Killed a two-headed ogre
 11554 | D:12     | Killed a two-headed ogre
 11769 | D:12     | Noticed a six-headed hydra
 11770 | D:12     | Noticed an ogre mage
 11770 | D:12     | Noticed a two-headed ogre
 11775 | D:12     | Killed a six-headed hydra
 11775 | D:12     | Reached skill level 12 in Fighting
 11775 | D:12     | Reached XP level 12. HP: 98/112 MP: 16/16
 11779 | D:12     | Killed a two-headed ogre
 11793 | D:12     | Killed an ogre mage
 11880 | D:12     | Noticed a two-headed ogre
 11883 | D:12     | Killed a two-headed ogre
 12481 | D:12     | Found a staircase to the Orcish Mines.
 12528 | D:12     | Noticed a two-headed ogre
 12536 | D:12     | Killed a two-headed ogre
 12568 | D:13     | Noticed a death knight
 13011 | D:13     | Noticed a five-headed hydra
 13011 | D:13     | Noticed a two-headed ogre
 13021 | D:13     | Killed a five-headed hydra
 13113 | D:13     | Got a bloodstained shield
 13124 | D:13     | Identified the +0 shield "Anuboj" {+Inv rPois rF- Dex-2}
                  | (You found it on level 13 of the Dungeon)
 13298 | D:13     | Got a warped hand axe
 13301 | D:13     | Identified the +7 hand axe "Jaefoli" {holy, +Rage MP-9
                  | Int+7 Dex+2} (You found it on level 13 of the Dungeon)
 13329 | D:13     | Noticed a centaur warrior
 13331 | D:13     | Noticed a centaur warrior
 13371 | D:13     | Killed a centaur warrior
 13373 | D:13     | Killed a centaur warrior
 13581 | D:13     | Killed a two-headed ogre
 13582 | D:13     | Noticed a catoblepas
 13614 | D:13     | Killed a catoblepas
 13614 | D:13     | Reached skill level 13 in Fighting
 13614 | D:13     | Reached XP level 13. HP: 64/122 MP: 18/18
 13857 | D:13     | Found Fuar's Antique Armour Shoppe.
 13865 | D:13     | Bought a pair of embroidered boots for 217 gold pieces
 13870 | D:13     | Bought a pair of embroidered boots for 217 gold pieces
 14123 | D:14     | Found a gate to the Vaults.
 14151 | D:13     | Reached ****** piety under Lugonu
 14220 | D:13     | HP: 5/122 [phantasmal warrior[a death knight] (18)]
 15834 | D:13     | Mangled by a very large slime creature

Skill      XL: |  1  2  3  4  5  6  7  8  9 10 11 12 13 |
---------------+----------------------------------------+-----
Fighting       | 4 5 6 7 8 9 11 12 13 | 13.5
Armour         | 3 4 5 6 8 9 10 11 12 | 12.7
Polearms       | 3 4 6 7 9 10 11 12 | 12.3
Dodging        | 2 3 4 5 6 7 8 |  8.7
Invocations    | 3 4 6 7 9 |  9.8
Shields        | 2 5 8 9 |  9.1

Action                   |  1- 3 |  4- 6 |  7- 9 | 10-12 | 13-15 || total
-------------------------+-------+-------+-------+-------+-------++-------
Melee: Spear             |    96 |   213 |       |       |       ||   309
       Headbutt          |     8 |    18 |    40 |    94 |    29 ||   189
       Halberd           |       |    14 |   207 |       |       ||   221
       Trident           |       |       |    94 |   535 |   140 ||   769
 Fire: Hunting sling     |       |       |       |     4 |       ||     4
Invok: Depart the Abyss  |     1 |       |       |       |       ||     1
       Bend Space        |       |       |       |       |     2 ||     2
Evoke: Wand              |       |       |     1 |     1 |       ||     2
  Use: Scroll            |       |     6 |     6 |     8 |       ||    20
       Potion            |       |     4 |     3 |     2 |    10 ||    19
 Stab: Sleeping          |     1 |       |       |       |       ||     1
  Eat: Chunk             |     1 |       |     2 |     1 |       ||     4
       Ration            |       |     3 |     3 |     6 |     2 ||    14
Armor: Leather armour    |    18 |     3 |       |       |       ||    21
       Ring mail         |     5 |    33 |    30 |       |       ||    68
       Chain mail        |       |    47 |   147 |   151 |    95 ||   440
Dodge: Dodged            |    41 |    80 |   142 |   124 |    49 ||   436
Block: Other             |     2 |    12 |    21 |     3 |       ||    38
       Reflection        |       |     1 |     1 |    11 |     4 ||    17
       Shield            |       |       |       |   166 |       ||   166
       Large shield      |       |       |       |    78 |   178 ||   256
